 Dungeon Crawl Stone Soup version 0.31-a0-268-g4392ee761c (webtiles) character file.

Game seed: 10989214752835066808

177 qw the Shooter (level 5, -9/36 HPs)
             Began as a Minotaur Hexslinger on July 14, 2023.
             Killed from afar by an orc wizard (11 damage)
             ... with a magic dart
             ... on level 4 of the Dungeon.
             The game lasted 00:00:56 (2292 turns).

qw the Shooter (Minotaur Hexslinger)                Turns: 2292, Time: 00:00:57

Health: -9/36      AC:  3    Str: 12    XL:     5   Next: 31%
Magic:  5/5        EV: 12    Int: 10    God:
Gold:   51         SH:  0    Dex: 13    Spells: 5/6 levels left

rFire   . . .        Y - +3 sling
rCold   . . .        (no shield)
rNeg    . . .        b - +0 leather armour
rPois   .            (helmet restricted)
rElec   .            (no cloak)
rCorr   .            (no gloves)
SInv    .            (no boots)
Will    +....        (no amulet)
Stlth   +            (no ring)
HPRegen 0.26/turn    (no ring)
MPRegen 0.09/turn

%: no passive effects
@: no status effects
A: horns 2, retaliatory headbutt, clumsy 1, frail 2, strong-willed 1, evolution
1
a: no special abilities


You were on level 4 of the Dungeon.
You visited 1 branch of the dungeon, and saw 4 of its levels.

You collected 151 gold pieces.
You spent 100 gold pieces at shops.


Innate Abilities, Weirdness & Mutations

You have a pair of horns on your head.
You reflexively headbutt those who attack you in melee.
You are clumsy. (Dex -2)
You are very frail. (-20% HP)
You are strong-willed. (Will+)
You have hidden genetic potential.


   Skills:
 - Level 3.4 Fighting
 + Level 5.3 Ranged Weapons
 - Level 2.1 Dodging
 - Level 1.0 Spellcasting
 - Level 2.0 Hexes


You had 5 spell levels left.
You knew the following spells:

 Your Spells              Type           Power      Damage    Failure   Level
a - Slow                  Hex            16%        N/A       19%         1

Your spell library contained the following spells:

 Spells                   Type           Power      Damage    Failure   Level
 Inner Flame              Hex/Fire       2%         N/A       65%         3
 Portal Projectile        Hex/Tloc       4%         N/A       65%         3
 Cause Fear               Hex            2%         N/A       88%         4

Inventory:

Hand Weapons
 Y - a +3 sling (weapon)
Armour
 b - a +0 leather armour (worn)
Jewellery
 d - a ring of fire
Scrolls
 e - 2 scrolls of identify
Potions
 a - 2 potions of might {unknown}
 g - a potion of cancellation
 h - a potion of curing

Dungeon Overview and Level Annotations

Branches:
Dungeon (4/15)
 Temple: D:4-7

Altars:

Shops:
D:3 !

Annotations:
D:3 1 runed translucent door, Crazy Yiuf


Message History

You shoot a sling bullet. The sling bullet hits the orc priest!
The orc priest is severely wounded.
Something hits you.
The orc priest hits you with a +0 falchion.
You shoot a sling bullet.
The sling bullet closely misses the orc priest.
Something hits you. The orc priest closely misses you.
You shoot a sling bullet.
The sling bullet closely misses the orc priest.
Something hits you. The orc priest misses you. You furiously retaliate!
You headbutt the orc priest!
You kill the orc priest!
You shoot a sling bullet.
Something hits you but does no damage. x2
You shoot a sling bullet. Something hits you but does no damage.
You shoot a sling bullet. Something hits you but does no damage.
You shoot a sling bullet. Something hits you but does no damage.
You shoot a sling bullet.
You hear some strange, mumbled words.
Something tries to affect you, but you resist.
You shoot a sling bullet. Something hits you. x2
You shoot a sling bullet. Something hits you.
You shoot a sling bullet. Something barely misses you.
You shoot a sling bullet. Something hits you.
You shoot a sling bullet. Something hits you. x2
You shoot a sling bullet. Something hits you but does no damage.
You shoot a sling bullet.
You hear some strange, mumbled words.
A magic dart appears from out of thin air!
The magic dart hits you!
You die...

####...#......##
###.......>#
########.....#
##.....)..#....#
##...........)..#
##...........#...#
#................#
....>............#
.......@..........
.......){.........
.......)......$...
.................
...............#
...............
..............#
..............#


There were no monsters in sight!

Vanquished Creatures
  2 orc priests (D:4)
  4 adders
  2 worms
  A dart slug (D:2)
  4 orcs
  5 ball pythons
  3 bats
  An endoplasm (D:1)
  2 giant cockroaches (D:3)
  5 goblins
  4 hobgoblins
  8 jackals (D:1)
  9 kobolds
  8 quokkas
  4 frilled lizards
  8 rats
70 creatures vanquished.

Notes
Turn   | Place    | Note
-------+----------+-------------------------------------------
     0 | D:1      | qw the Minotaur Hexslinger began the quest for the Orb.
     0 | D:1      | Reached XP level 1. HP: 16/16 MP: 1/1
     0 | D:1      | 0 ||| qw: Version: 0.3-a-52-g30416fa
     0 | D:1      | 0 ||| qw: Game counter: 7943
     0 | D:1      | 0 ||| qw: Melee chars always use a shield: true
     0 | D:1      | 0 ||| qw: God list: Okawaru
     0 | D:1      | 0 ||| qw: Allow faded altars: false
     0 | D:1      | 0 ||| qw: Do Orc after clearing Dungeon:15 true
     0 | D:1      | 0 ||| qw: Do second Lair branch before Depths: true
     0 | D:1      | 0 ||| qw: Lair rune preference: random
     0 | D:1      | 0 ||| qw: Goals: Normal
     0 | D:1      | 0 ||| PLANNING D:1-11
   194 | D:1      | Reached skill level 3 in Ranged Weapons
   194 | D:1      | Reached XP level 2. HP: 23/23 MP: 2/2
   571 | D:1      | Reached XP level 3. HP: 25/29 MP: 3/3
   825 | D:1      | 825 ||| DROPPING +6 ring of intelligence.
   826 | D:1      | 826 ||| READING scroll labelled PIMOSO MAODAYJ.
   827 | D:1      | 827 ||| READING scroll labelled JOYPRA COTHIQ.
   828 | D:1      | 828 ||| DROPPING scroll of poison.
   926 | D:2      | Reached skill level 4 in Ranged Weapons
  1082 | D:2      | 1082 ||| READING scroll of enchant weapon.
  1082 | D:2      | 1082 ||| ENCHANTING +2 sling.
  1103 | D:2      | Reached XP level 4. HP: 30/36 MP: 4/4
  1147 | D:2      | Found a faded altar of an unknown god.
  1148 | D:2      | You fall into a shaft and drop 1 floor!
  1149 | D:3      | 1149 ||| READING scroll labelled CANENG GEIM.
  1425 | D:2      | 1425 ||| READING scroll labelled PEMPUI YNGUOHE.
  1429 | D:2      | 1429 ||| READING 2 scrolls of identify.
  1429 | D:2      | 1429 ||| IDENTIFYING yellow potion
  1430 | D:2      | 1430 ||| DROPPING potion of degeneration.
  1713 | D:3      | Reached skill level 5 in Ranged Weapons
  1865 | D:3      | Found Purilos's Distillery.
  1881 | D:3      | 1881 ||| SHOPLISTING 2 potions of haste (200 gold, have
                  | 151).
  1881 | D:3      | 1881 ||| BUYING 2 potions of heal wounds (100 gold).
  1881 | D:3      | Bought 2 potions of heal wounds for 100 gold pieces
  1881 | D:3      | 1881 ||| SHOPLISTING potion of haste (100 gold, have 51).
  1881 | D:3      | 1881 ||| SHOPLISTING potion of resistance (100 gold, have
                  | 51).
  1949 | D:3      | Found a runed translucent door.
  1950 | D:3      | Noticed Crazy Yiuf
  2176 | D:3      | 2176 ||| UPGRADING to +0 leather armour.
  2186 | D:3      | 2186 ||| DROPPING +0 robe.
  2187 | D:3      | 2187 ||| READING scroll labelled WYSU IHABILUO.
  2188 | D:3      | 2188 ||| DRINKING 2 puce potions.
  2188 | D:3      | Gained mutation: You are frail. (-10% HP) [potion of
                  | mutation]
  2188 | D:3      | Gained mutation: Your muscles are strong. (Str +4, Int/Dex
                  | -1) [potion of mutation]
  2188 | D:3      | Gained mutation: You are strong-willed. (Will+) [potion of
                  | mutation]
  2189 | D:3      | 2189 ||| DRINKING potion of mutation.
  2189 | D:3      | Lost mutation: Your muscles are strong. (Str +4, Int/Dex
                  | -1) [potion of mutation]
  2189 | D:3      | Lost mutation: You are strong-willed. (Will+) [potion of
                  | mutation]
  2189 | D:3      | Gained mutation: You are strong-willed. (Will+) [potion of
                  | mutation]
  2189 | D:3      | Gained mutation: You are clumsy. (Dex -2) [potion of
                  | mutation]
  2189 | D:3      | Gained mutation: You are very frail. (-20% HP) [potion of
                  | mutation]
  2189 | D:3      | Gained mutation: You have hidden genetic potential. [potion
                  | of mutation]
  2190 | D:3      | 2190 ||| DRINKING 2 black potions.
  2191 | D:3      | 2191 ||| DRINKING 2 fuming black potions.
  2192 | D:3      | 2192 ||| READING 4 scrolls of identify.
  2192 | D:3      | 2192 ||| IDENTIFYING fizzy golden potion
  2193 | D:3      | 2193 ||| READING 3 scrolls of identify.
  2193 | D:3      | 2193 ||| IDENTIFYING viscous silvery potion
  2194 | D:3      | 2194 ||| DROPPING potion of brilliance.
  2195 | D:3      | 2195 ||| DROPPING potion of magic.
  2265 | D:4      | HP: 7/29 [orc priest/+0 trident (6)]
  2266 | D:4      | 2266 ||| DRINKING 2 potions of heal wounds.
  2269 | D:4      | Reached skill level 3 in Fighting
  2269 | D:4      | Reached XP level 5. HP: 15/36 MP: 5/5
  2273 | D:4      | HP: 2/36 [something/puff of flame (9)]
  2274 | D:4      | 2274 ||| DRINKING potion of heal wounds.
  2287 | D:4      | HP: 7/36 [something (4)]
  2290 | D:4      | HP: 1/36 [something (3)]
  2292 | D:4      | Killed from afar by an orc wizard

Levels and vault maps discovered:
D:1:      minmay_arrival_hallway, layout_loops_ring, hangedman_decor_points
D:2:      layout_rooms, shapermc_ecumenical_altar_mp_highgroup,
          chequers_serial_rivers_small_3, kennysheep_generic_room_7
D:3:      layout_basic, serial_shops, nicolae_shop_stone,
          uniq_crazy_yiuf_cottage
D:4:      layout_cave_pods, serial_shops, shop

Skill      XL: |  1  2  3  4 |
---------------+-------------+-----
Ranged Weapons | 3 4 5 |  5.3
Fighting       | 2 3 |  3.4
Dodging        | |  2.1
Spellcasting   | |  1.0
Hexes          | |  2.0

Action                     |  1- 3 |  4- 6 || total
---------------------------+-------+-------++-------
   Fire: Sling             |   108 |   108 ||   216
    Use: Scroll            |     3 |     6 ||     9
         Potion            |       |     6 ||     6
 Armour: Robe              |    12 |     2 ||    14
         Leather armour    |       |    11 ||    11
  Dodge: Dodged            |    53 |    28 ||    81

Table legend:
 A = Non-vault XP
 B = Vault XP
 C = Vault XP percentage of total XP
 D = Non-vault monster count
 E = Vault monster count
 F = Vault count percentage of total count
                 A         B        C        D         E       F
            +---------+---------+-------+---------+---------+-------
      Total |     252 |       2 |   0.8 |      69 |       1 |   1.4
            +---------+---------+-------+---------+---------+-------
        D:1 |      47 |       0 |   0.0 |      28 |       0 |   0.0
        D:2 |      62 |       2 |   3.1 |      13 |       1 |   7.1
        D:3 |      52 |       0 |   0.0 |      23 |       0 |   0.0
        D:4 |      91 |       0 |   0.0 |       5 |       0 |   0.0
            +---------+---------+-------+---------+---------+-------
